| TOP OF THE 1ST |
|
Corpus Christi Hooks batting - Pitching for New Hampshire Fisher Cats : RHP Orlando Giron
|
|
Pitching: RHP Orlando Giron
|
|
|
Batting: LHB Jose Chavez
|
0-0: Ball 1-0: Swinging Strike 1-1: Swinging Strike 1-2: Strikes out looking
|
|
Batting: RHB Yi-lin Niu
|
0-0: Called Strike 0-1: Ball 1-1: Ground out 6-3 (Groundball, 6MD, EV 80.0 MPH)
|
|
Batting: LHB Bob Dietz
|
0-0: Foul Ball, location: 2F 0-1: Fly out, F7 (Line Drive, 7S, EV 108.1 MPH)
|
| Top of the 1st over - 0 runs, 0 hits, 0 errors, 0 left on base; Corpus Christi 0 - New Hampshire 0 |
| BOTTOM OF THE 1ST |
|
New Hampshire Fisher Cats batting - Pitching for Corpus Christi Hooks : RHP Andy Harrigan
|
|
Pitching: RHP Andy Harrigan
|
|
|
Batting: RHB Tokuji Kawabata
|
0-0: Ball 1-0: Fly out, F9 (Flyball, 89S, EV 91.2 MPH)
|
|
Batting: RHB Stephen Casteel
|
0-0: Called Strike 0-1: Ball 1-1: Ground out 4-3 (Groundball, 4S, EV 86.2 MPH)
|
|
Batting: RHB Chris Pounds
|
0-0: Called Strike 0-1: Ball 1-1: Foul Ball, location: 2F 1-2: Foul Ball, location: 2F 1-2: Strikes out swinging
|
| Bottom of the 1st over - 0 runs, 0 hits, 0 errors, 0 left on base; Corpus Christi 0 - New Hampshire 0 |
| TOP OF THE 2ND |
|
Corpus Christi Hooks batting - Pitching for New Hampshire Fisher Cats : RHP Orlando Giron
|
|
Batting: RHB Masaru Konno
|
0-0: Ball 1-0: Ball 2-0: Called Strike 2-1: Swinging Strike 2-2: Ground out 6-3 (Groundball, 6MD, EV 99.4 MPH)
|
|
Batting: RHB Duncan Collins
|
0-0: Ball 1-0: Ball 2-0: Foul Ball, location: 2F 2-1: Called Strike 2-2: Strikes out swinging
|
|
Batting: RHB Bryan Peterson
|
0-0: Ball 1-0: Fly out, F8 (Flyball, 8LD, EV 102.5 MPH)
|
| Top of the 2nd over - 0 runs, 0 hits, 0 errors, 0 left on base; Corpus Christi 0 - New Hampshire 0 |
| BOTTOM OF THE 2ND |
|
New Hampshire Fisher Cats batting - Pitching for Corpus Christi Hooks : RHP Andy Harrigan
|
|
Batting: LHB Gabe Pace
|
0-0: Ball 1-0: Foul Ball, location: 2F 1-1: Ground out 6-3 (Groundball, 4M, EV 105.0 MPH)
|
|
Batting: SHB Gregg Whitecotton
|
0-0: Ball 1-0: DOUBLE (Line Drive, 9LM, EV 113.1 MPH)
|
|
Batting: RHB John Hering
|
0-0: Ground out 4-3 (Groundball, 4, EV 101.9 MPH) Gregg Whitecotton to third
|
|
Batting: RHB Chris Martin
|
0-0: Ball 1-0: Ball 2-0: SINGLE (Groundball, 56D, EV 98.1 MPH) Gregg Whitecotton scores
|
|
Batting: RHB Marcos Villalobos
|
0-0: Called Strike Chris Martin is caught stealing 2nd base 2-4
|
| Bottom of the 2nd over - 1 run, 2 hits, 0 errors, 0 left on base; Corpus Christi 0 - New Hampshire 1 |
| TOP OF THE 3RD |
|
Corpus Christi Hooks batting - Pitching for New Hampshire Fisher Cats : RHP Orlando Giron
|
|
Batting: RHB Alex Campos
|
0-0: Ball 1-0: Ball 2-0: Ball 3-0: Called Strike 3-1: Foul Ball, location: 2F 3-2: Ground out 5-3 (Groundball, 56S, EV 88.8 MPH)
|
|
Batting: RHB Cameron Rattenbury
|
0-0: Ball 1-0: Swinging Strike 1-1: Swinging Strike 1-2: Ball 2-2: Ground out 6-3 (Groundball, 6, EV 78.8 MPH)
|
|
Batting: RHB Dustin Hartman
|
0-0: Called Strike 0-1: Hit by Pitch
|
|
Batting: LHB Jose Chavez
|
0-0: Ball 1-0: Fielders Choice at 2nd, 6-4 (Groundball, 6, EV 91.9 MPH)
|
| Top of the 3rd over - 0 runs, 0 hits, 0 errors, 1 left on base; Corpus Christi 0 - New Hampshire 1 |
| BOTTOM OF THE 3RD |
|
New Hampshire Fisher Cats batting - Pitching for Corpus Christi Hooks : RHP Andy Harrigan
|
|
Batting: RHB Marcos Villalobos
|
0-0: Called Strike 0-1: Called Strike 0-2: Ball 1-2: Strikes out looking
|
|
Batting: RHB Justin Powell
|
0-0: Called Strike 0-1: Ball 1-1: Ball 2-1: Foul Ball, location: 2F 2-2: Strikes out looking
|
|
Batting: RHB Tokuji Kawabata
|
0-0: Ball 1-0: Foul Ball, location: 2F 1-1: Ball 2-1: Called Strike 2-2: Fly out, F8 (Flyball, 8RS, EV 87.5 MPH)
|
| Bottom of the 3rd over - 0 runs, 0 hits, 0 errors, 0 left on base; Corpus Christi 0 - New Hampshire 1 |
| TOP OF THE 4TH |
|
Corpus Christi Hooks batting - Pitching for New Hampshire Fisher Cats : RHP Orlando Giron
|
|
Batting: RHB Yi-lin Niu
|
0-0: Called Strike 0-1: Swinging Strike 0-2: Strikes out swinging
|
|
Batting: LHB Bob Dietz
|
0-0: Ball 1-0: Called Strike 1-1: Swinging Strike 1-2: SINGLE (Groundball, 34D, EV 101.9 MPH) (infield hit)
|
|
Batting: RHB Masaru Konno
|
0-0: Called Strike Bob Dietz steals 2nd base 0-1: Ball 1-1: Foul Ball, location: 2F 1-2: Foul Ball, location: 2F 1-2: Fly out, F8 (Flyball, 89M, EV 85.6 MPH)
|
|
Batting: RHB Duncan Collins
|
0-0: Called Strike 0-1: Ball 1-1: Foul Ball, location: 2F 1-2: Ball 2-2: Foul Ball, location: 2F 2-2: Ground out 4-3 (Groundball, 4, EV 104.4 MPH)
|
| Top of the 4th over - 0 runs, 1 hit, 0 errors, 1 left on base; Corpus Christi 0 - New Hampshire 1 |
| BOTTOM OF THE 4TH |
|
New Hampshire Fisher Cats batting - Pitching for Corpus Christi Hooks : RHP Andy Harrigan
|
|
Batting: RHB Stephen Casteel
|
0-0: Foul Ball, location: 2F 0-1: Ball 1-1: Foul Ball, location: 2F 1-2: Ball 2-2: Ball 3-2: Foul Ball, location: 2F 3-2: Strikes out swinging
|
|
Batting: RHB Chris Pounds
|
0-0: Called Strike 0-1: Swinging Strike 0-2: Foul Ball, location: 2F 0-2: Foul Ball, location: 2F 0-2: SOLO HOME RUN (Flyball, 89XD, EV 114.4 MPH), Distance : 443 ft
|
|
Batting: LHB Gabe Pace
|
0-0: Ball 1-0: Ground out U3 (Groundball, 34, EV 81.2 MPH)
|
|
Batting: SHB Gregg Whitecotton
|
0-0: Called Strike 0-1: Swinging Strike 0-2: Foul Ball, location: 2F 0-2: Strikes out swinging
|
| Bottom of the 4th over - 1 run, 1 hit, 0 errors, 0 left on base; Corpus Christi 0 - New Hampshire 2 |
| TOP OF THE 5TH |
|
Corpus Christi Hooks batting - Pitching for New Hampshire Fisher Cats : RHP Orlando Giron
|
|
Batting: RHB Bryan Peterson
|
0-0: Called Strike 0-1: Ground out 5-3 (Groundball, 5, EV 78.8 MPH)
|
|
Batting: RHB Alex Campos
|
0-0: Ball 1-0: Foul Ball, location: 2F 1-1: Foul Ball, location: 2F 1-2: Ball 2-2: Fly out, F8 (Flyball, 8RD, EV 85.0 MPH)
|
|
Batting: RHB Cameron Rattenbury
|
0-0: Swinging Strike 0-1: Foul Ball, location: 2F 0-2: Ball 1-2: Foul Ball, location: 2F 1-2: Ball 2-2: Fly out, F8 (Flyball, 8LXD, EV 94.4 MPH)
|
| Top of the 5th over - 0 runs, 0 hits, 0 errors, 0 left on base; Corpus Christi 0 - New Hampshire 2 |
| BOTTOM OF THE 5TH |
|
New Hampshire Fisher Cats batting - Pitching for Corpus Christi Hooks : RHP Andy Harrigan
|
|
Batting: RHB John Hering
|
0-0: Ball 1-0: Ground out 6-3 (Groundball, 6MS, EV 86.9 MPH)
|
|
Batting: RHB Chris Martin
|
0-0: Called Strike 0-1: Swinging Strike 0-2: Foul Ball, location: 2F 0-2: Strikes out swinging
|
|
Batting: RHB Marcos Villalobos
|
0-0: Ball 1-0: Swinging Strike 1-1: Swinging Strike 1-2: Ball 2-2: Strikes out swinging
|
| Bottom of the 5th over - 0 runs, 0 hits, 0 errors, 0 left on base; Corpus Christi 0 - New Hampshire 2 |
| TOP OF THE 6TH |
|
Corpus Christi Hooks batting - Pitching for New Hampshire Fisher Cats : RHP Orlando Giron
|
|
Batting: RHB Dustin Hartman
|
0-0: Called Strike 0-1: Swinging Strike 0-2: Ball 1-2: Strikes out swinging
|
|
Batting: LHB Jose Chavez
|
0-0: Ball 1-0: Ball 2-0: Called Strike 2-1: Swinging Strike 2-2: Strikes out swinging
|
|
Batting: RHB Yi-lin Niu
|
0-0: Called Strike 0-1: Called Strike 0-2: Strikes out swinging
|
| Top of the 6th over - 0 runs, 0 hits, 0 errors, 0 left on base; Corpus Christi 0 - New Hampshire 2 |
| BOTTOM OF THE 6TH |
|
New Hampshire Fisher Cats batting - Pitching for Corpus Christi Hooks : RHP Andy Harrigan
|
|
Batting: RHB Justin Powell
|
0-0: Ground out 6-3 (Groundball, 6M, EV 81.2 MPH)
|
|
Batting: RHB Tokuji Kawabata
|
0-0: Called Strike 0-1: Ball 1-1: Ball 2-1: Foul Ball, location: 2F 2-2: Ball 3-2: Strikes out looking
|
|
Batting: RHB Stephen Casteel
|
0-0: SINGLE (Groundball, 6M, EV 96.9 MPH) (infield hit)
|
|
Batting: RHB Chris Pounds
|
0-0: Ball 1-0: Ball Stephen Casteel steals 2nd, throwing error, E2 Stephen Casteel to third 2-0: Foul Ball, location: 2F 2-1: Foul Ball, location: 2F 2-2: Foul Ball, location: 2F 2-2: Foul Ball, location: 2F 2-2: Ball 3-2: Ground out 6-3 (Groundball, 6M, EV 86.9 MPH)
|
| Bottom of the 6th over - 0 runs, 1 hit, 1 error, 1 left on base; Corpus Christi 0 - New Hampshire 2 |
| TOP OF THE 7TH |
|
Corpus Christi Hooks batting - Pitching for New Hampshire Fisher Cats : RHP Orlando Giron
|
|
Now at 1B: Chris Martin
|
|
|
Now at 2B: Kirk Seiffert
|
|
|
Batting: LHB Bob Dietz
|
0-0: SINGLE (Line Drive, 4D, EV 109.4 MPH)
|
|
Batting: RHB Masaru Konno
|
0-0: Fly out, F9 (Flyball, 89M, EV 81.9 MPH)
|
|
Batting: RHB Duncan Collins
|
0-0: Ball 1-0: Ball 2-0: Swinging Strike 2-1: Ball 3-1: SINGLE (Flyball, 8RS, EV 90.0 MPH) Bob Dietz to second
|
|
Batting: RHB Bryan Peterson
|
0-0: Called Strike Bob Dietz steals 3rd base 0-1: Ball 1-1: Foul Ball, location: 2F 1-2: Ball 2-2: Strikes out swinging
|
|
Batting: RHB Alex Campos
|
0-0: Ball 1-0: Foul Ball, location: 2F 1-1: Foul Ball, location: 2F 1-2: Ball 2-2: Strikes out swinging
|
| Top of the 7th over - 0 runs, 2 hits, 0 errors, 2 left on base; Corpus Christi 0 - New Hampshire 2 |
| BOTTOM OF THE 7TH |
|
New Hampshire Fisher Cats batting - Pitching for Corpus Christi Hooks : RHP Andy Harrigan
|
|
Batting: LHB Gabe Pace
|
0-0: Swinging Strike 0-1: Foul Ball, location: 2F 0-2: Ball 1-2: Strikes out swinging
|
|
Batting: SHB Gregg Whitecotton
|
0-0: Ball 1-0: Foul Ball, location: 2F 1-1: Ball 2-1: Foul Ball, location: 2F 2-2: Foul Ball, location: 2F 2-2: Ball 3-2: Foul Ball, location: 2F 3-2: Base on Balls
|
|
Batting: RHB John Hering
|
0-0: Ball 1-0: Ball Gregg Whitecotton is caught stealing 2nd base 2-4 2-0: Foul Ball, location: 2F 2-1: Foul Ball, location: 2F 2-2: Strikes out looking
|
| Bottom of the 7th over - 0 runs, 0 hits, 0 errors, 0 left on base; Corpus Christi 0 - New Hampshire 2 |
| TOP OF THE 8TH |
|
Corpus Christi Hooks batting - Pitching for New Hampshire Fisher Cats : RHP Orlando Giron
|
|
Batting: RHB Cameron Rattenbury
|
0-0: Called Strike 0-1: Ball 1-1: DOUBLE (Groundball, 5L, EV 108.8 MPH)
|
|
Batting: RHB Dustin Hartman
|
0-0: Swinging Strike 0-1: Ball 1-1: Foul Ball, location: 2F 1-2: Foul Ball, location: 2F 1-2: Ground out 5-3 (Groundball, 56, EV 78.8 MPH)
|
|
Pitching: LHP Mitchel Larson
|
|
|
Pinch Hitting: RHB Lamar Thornton
|
0-0: Ball 1-0: Called Strike 1-1: Ball 2-1: Ball 3-1: Swinging Strike 3-2: Strikes out looking
|
|
Batting: RHB Yi-lin Niu
|
0-0: Ball 1-0: Swinging Strike 1-1: Foul Ball, location: 2F 1-2: Ball 2-2: Ground out 6-3 (Groundball, 6, EV 84.4 MPH)
|
| Top of the 8th over - 0 runs, 1 hit, 0 errors, 1 left on base; Corpus Christi 0 - New Hampshire 2 |
| BOTTOM OF THE 8TH |
|
New Hampshire Fisher Cats batting - Pitching for Corpus Christi Hooks : RHP Andy Harrigan
|
|
Now in CF: Cameron Rattenbury
|
|
|
Now in RF: Lamar Thornton
|
|
|
Batting: RHB Chris Martin
|
0-0: Fly out, F8 (Line Drive, 8RM, EV 94.4 MPH)
|
|
Batting: RHB Marcos Villalobos
|
0-0: Ball 1-0: Foul Ball, location: 2F 1-1: Called Strike 1-2: Strikes out swinging
|
|
Batting: RHB Justin Powell
|
0-0: Ball 1-0: Called Strike 1-1: Fly out, F9 (Line Drive, 9S, EV 93.1 MPH)
|
| Bottom of the 8th over - 0 runs, 0 hits, 0 errors, 0 left on base; Corpus Christi 0 - New Hampshire 2 |
| TOP OF THE 9TH |
|
Corpus Christi Hooks batting - Pitching for New Hampshire Fisher Cats : LHP Mitchel Larson
|
|
Pitching: LHP Nick Burnstein
|
|
|
Batting: LHB Bob Dietz
|
0-0: Ball 1-0: Called Strike 1-1: Ball 2-1: Ball 3-1: Foul Ball, location: 2F 3-2: Strikes out swinging
|
|
Batting: RHB Masaru Konno
|
0-0: Called Strike 0-1: Foul Ball, location: 2F 0-2: Strikes out swinging
|
|
Batting: RHB Duncan Collins
|
0-0: Ball 1-0: Called Strike 1-1: Ball 2-1: Ball 3-1: Base on Balls
|
|
Batting: RHB Bryan Peterson
|
0-0: Swinging Strike 0-1: Ball 1-1: Called Strike 1-2: Ball 2-2: Foul Ball, location: 2F 2-2: Strikes out swinging
|
| Top of the 9th over - 0 runs, 0 hits, 0 errors, 1 left on base; Corpus Christi 0 - New Hampshire 2 |
|